 Dungeon Crawl Stone Soup version 0.23.2-40-g277498a001 (webtiles) character file.

Game seed: 2849247801597887680

653 Martska the Chopper (level 7, -2/61 HPs)
             Began as a Minotaur Berserker on Oct 1, 2019.
             Was a Believer of Trog.
             Slain by a centaur (5 damage)
             ... on level 5 of the Dungeon.
             The game lasted 00:09:16 (4115 turns).

Martska the Chopper (Minotaur Berserker)            Turns: 4115, Time: 00:09:17

Health: -2/61      AC:  6    Str: 22    XL:     7   Next: 28%
Magic:  6/6        EV: 12    Int:  4    God:    Trog [**....]
Gold:   274        SH:  0    Dex: 11    Spells: 6/6 levels left

rFire    . . .     SeeInvis .   a - +0 hand axe
rCold    . . .     Gourm    .   (no shield)
rNeg     . . .     Faith    .   n - +0 ring mail
rPois    +         Spirit   .   (helmet restricted)
rElec    .         Reflect  .   (no cloak)
rCorr    .         Harm     .   (no gloves)
MR       .....                  (no boots)
Stlth    +.........             (no amulet)
HPRegen  0.20/turn              i - ring of poison resistance
MPRegen  0.10/turn              (no ring)

@: berserk cooldown, slowed, very slow
A: retaliatory headbutt, horns 2
a: Berserk, Trog's Hand, Renounce Religion


You were on level 5 of the Dungeon.
You worshipped Trog.
Trog was pleased with you.
You were very hungry.

You visited 1 branch of the dungeon, and saw 5 of its levels.

You collected 274 gold pieces.

Inventory:

Hand Weapons
 a - a +0 hand axe (weapon)
Missiles
 g - 8 tomahawks (quivered)
Armour
 b - a +0 animal skin
 e - a +0 scale mail
 n - a +0 ring mail (worn)
Jewellery
 i - a ring of poison resistance (left hand)
 x - a +5 ring of strength {unknown}
Wands
 v - a wand of digging (5)
 z - a wand of random effects (6)
Scrolls
 d - 5 scrolls of teleportation {unknown}
 f - 5 scrolls of remove curse {unknown}
 h - 2 scrolls of enchant weapon {unknown}
 j - 2 scrolls of magic mapping {unknown}
 l - a scroll of blinking {unknown}
 m - 5 scrolls of identify {unknown}
 q - 2 scrolls of amnesia {unknown}
 r - 3 scrolls of immolation {unknown}
 y - a scroll of enchant armour {unknown}
 B - a scroll of random uselessness {unknown}
Potions
 k - a potion of resistance {unknown}
 o - a potion of brilliance {unknown}
 p - a potion of mutation {unknown}
 s - a potion of berserk rage {unknown}
 t - a potion of lignification {unknown}
 u - 2 potions of haste {unknown}
 w - a potion of flight {unknown}
 A - a potion of cancellation {unknown}
 C - a potion of curing {unknown}
Comestibles
 c - 6 rations


   Skills:
 * Level 5.3 Fighting
 * Level 7.3 Axes
 * Level 5.1 Armour
 * Level 3.7 Dodging
 + Level 0.8 Stealth


You had 6 spell levels left.
You didn't know any spells.
Your spell library was empty.

Dungeon Overview and Level Annotations

Branches:
Dungeon (5/15)
 Temple: D:4-7

Altars:
Gozag
Ru


Innate Abilities, Weirdness & Mutations

You reflexively headbutt those who attack you in melee.
You have a pair of horns on your head.


Message History

an arrow; a gnoll corpse You feel a strong urge to attack something.
A worker ant comes into view.
The worker ant twitches its antennae in your direction.
The worker ant moves out of view.
You are too berserk!
You are no longer berserk.
You are exhausted.
You feel yourself slow down. The gnoll misses you. You furiously retaliate!
You headbutt the gnoll.
An ice beast comes into view.
The centaur unwields a +0 shortbow.
The centaur hits you.
* * * LOW HITPOINT WARNING * * *
The gnoll hits you with a +0 spear.
* * * LOW HITPOINT WARNING * * *
The centaur hits you but does no damage.
The gnoll barely misses you. The centaur barely misses you.
You furiously retaliate!
You headbutt the centaur! The gnoll barely misses you. The centaur hits you.
You die...

##...#####.................
.....####................#
#.##.......###...........##
## #......###..#...##......
#....#.# #..##Y##.......
#..#.#####.....(#.......
#####.#...#...###a((..##
.##.#<###....#..#cg....#..
....#.# #.#.....@......:..#
......# ####....##.....##..
....#.### #...####.....# #
....#...####..# ........#
..###.........# #..#...###
.........#...## ######.#
..#......##...###..# ##
......#.....#.#..<.#
......#...###......#


You could see an ice beast, a centaur, a worker ant and a gnoll.

Vanquished Creatures
  Menkaure (D:4)
  Duvessa (D:4)
  A bullfrog (D:4)
  Dowan (D:4)
  A scorpion (D:4)
  2 hounds (D:5)
  2 worker ants
  A hound zombie (D:4)
  4 adders
  A gnoll (D:5)
  2 oozes
  An adder skeleton (D:4)
  A worm (D:2)
  A dart slug (D:1)
  2 leopard geckos
  4 orcs (D:3)
  4 giant cockroaches
  12 goblins
  3 hobgoblins
  6 jackals
  3 kobolds
  2 quokkas (D:3)
  10 bats
  2 frilled lizards
  A leopard gecko skeleton (D:4)
  A quokka skeleton (D:5)
  9 rats
79 creatures vanquished.

Vanquished Creatures (others)
  A gnoll (D:5)
1 creature vanquished.

Grand Total: 80 creatures vanquished

Notes
Turn   | Place    | Note
-------+----------+-------------------------------------------
     0 | D:1      | Martska the Minotaur Berserker began the quest for the Orb.
     0 | D:1      | Reached XP level 1. HP: 19/19 MP: 0/0
   144 | D:1      | Reached skill level 4 in Axes
   147 | D:1      | Reached XP level 2. HP: 26/27 MP: 1/1
   611 | D:1      | Reached XP level 3. HP: 33/33 MP: 2/2
   851 | D:2      | Reached ** piety under Trog
  1216 | D:2      | Found an opulent altar of Gozag.
  1995 | D:3      | Reached XP level 4. HP: 37/41 MP: 3/3
  2556 | D:4      | Reached skill level 5 in Axes
  2576 | D:4      | Found a sacrificial altar of Ru.
  2594 | D:4      | Reached XP level 5. HP: 36/47 MP: 4/4
  3008 | D:4      | Noticed Menkaure
  3017 | D:4      | Killed Menkaure
  3017 | D:4      | Reached skill level 6 in Axes
  3017 | D:4      | Reached XP level 6. HP: 10/55 MP: 5/5
  3543 | D:4      | Noticed Duvessa
  3544 | D:4      | Noticed Dowan
  3553 | D:4      | Killed Duvessa
  3553 | D:4      | Reached skill level 5 in Fighting
  3555 | D:4      | Killed Dowan
  3838 | D:4      | Reached skill level 7 in Axes
  3838 | D:4      | Reached XP level 7. HP: 55/61 MP: 6/6
  3966 | D:5      | Entered Level 5 of the Dungeon
  3984 | D:5      | Reached skill level 5 in Armour
  4114 | D:5      | HP: 3/61 [gnoll/+0 spear (3)]
  4115 | D:5      | Slain by a centaur

Skill      XL: |  1  2  3  4  5  6  7 |
---------------+----------------------+-----
Axes           | 4 5 6 7 |  7.3
Fighting       | 4 5 |  5.3
Armour         | 3 4 5 |  5.1
Dodging        | 3 |  3.7
Stealth        | |  0.8

Action                   |  1- 3 |  4- 6 |  7- 9 || total
-------------------------+-------+-------+-------++-------
Melee: Hand axe          |    78 |    60 |    21 ||   159
       Headbutt          |    13 |    10 |     2 ||    25
Invok: Berserk           |       |     2 |     1 ||     3
  Eat: Ration            |     2 |     1 |       ||     3
       Chunk             |     1 |       |       ||     1
Armor: Scale mail        |    43 |       |       ||    43
       Animal skin       |     3 |       |       ||     3
       Ring mail         |     3 |    14 |    11 ||    28
Dodge: Dodged            |    57 |    39 |    28 ||   124
